 Dungeon Crawl Stone Soup version 0.29.1-15-g9cfb28693d (webtiles) character file.

Game seed: 10884330808189070973

16683 Artool the Fighter (level 12, -5/90 HPs)
             Began as a Demonspawn Fighter on Apr 7, 2023.
             Was a Follower of Hepliaklqana.
             Killed from afar by Erica (17 damage)
             ... with a lance of force
             ... on level 10 of the Dungeon.
             The game lasted 00:34:20 (15563 turns).

Artool the Fighter (Demonspawn Fighter)            Turns: 15563, Time: 00:34:21

Health: -5/90      AC: 14    Str: 21    XL:     12   Next: 12%
Magic:  12/12      EV: 13    Int: 11    God:    Hepliaklqana [*.....]
Gold:   601        SH:  0    Dex: 12    Spells: 11/11 levels left

rFire   + + .      SeeInvis +   n - +4 mace (protect)
rCold   + . .      Faith    .   c - +0 buckler
rNeg    + . .      Spirit   .   b - +0 scale mail
rPois   .          Reflect  .   D - +2 hat of the Lair of Beasts {rF+ Will- SInv}
rElec   .          Harm     .   Q - scarf {rC+ rF+}
rCorr   .          Rampage  .   g - +2 pair of gloves
Will    .....                   (no boots)
Stlth   ..........              (no amulet)
HPRegen 0.25/turn               E - ring of positive energy
MPRegen 0.26/turn               L - +4 ring of evasion

@: confused, lethally poisoned (-5 -> -7)
A: reduced essence, hooves 2, large bone plates 1, powered by pain 2, magic
regeneration
a: Renounce Religion, Recall Ancestor, Ancestor Identity


You were on level 10 of the Dungeon.
You worshipped Hepliaklqana.
Hepliaklqana was aware of your devotion.
You visited 2 branches of the dungeon, and saw 12 of its levels.

You collected 601 gold pieces.

Inventory:

Hand Weapons
 n - a +4 mace of protection (weapon)
Missiles
 o - 2 throwing nets
 I - 7 boomerangs
 P - 22 poisoned darts (quivered)
Armour
 b - a +0 scale mail (worn)
 c - a +0 buckler (worn)
 g - a +2 pair of gloves (worn)
 D - the +2 hat of the Lair of Beasts (worn) {rF+ Will- SInv}
   (You found it on level 5 of the Dungeon)

   rF:        It protects you from fire.
   SInv:      It lets you see invisible.
   Will:      It decreases your willpower.
 Q - a scarf of resistance (worn)
Magical Staves
 l - a staff of conjuration
 U - a staff of air
Jewellery
 E - a ring of positive energy (left hand)
 L - a +4 ring of evasion (right hand)
 S - a +6 ring of dexterity
 W - a ring of fire
 X - a ring of wizardry
 Y - a ring of willpower
Wands
 H - a wand of flame (37)
 J - a wand of charming (12)
 T - a wand of polymorph (4)
 V - a wand of iceblast (2)
Scrolls
 f - a scroll of enchant weapon {unknown}
 i - 2 scrolls of amnesia {unknown}
 j - 3 scrolls of noise {unknown}
 k - a scroll of enchant armour {unknown}
 p - a scroll of immolation {unknown}
 q - a scroll of acquirement {unknown}
 r - 7 scrolls of identify {unknown}
 t - 4 scrolls of butterflies {unknown}
 u - 3 scrolls of torment {unknown}
 v - 2 scrolls of vulnerability {unknown}
 y - 2 scrolls of blinking {unknown}
 C - 2 scrolls of brand weapon {unknown}
 F - 2 scrolls of magic mapping {unknown}
 N - 2 scrolls of fear {unknown}
Potions
 d - 2 potions of might
 h - 3 potions of mutation {unknown}
 m - 9 potions of curing
 s - 2 potions of resistance {unknown}
 w - 3 potions of flight {unknown}
 x - 3 potions of attraction {unknown}
 z - 3 potions of cancellation {unknown}
 A - 4 potions of lignification {unknown}
 O - 2 potions of degeneration {unknown}
 R - a potion of haste {unknown}


   Skills:
 + Level 11.2 Fighting
 + Level 10.1 Maces & Flails
 - Level 7.0 Throwing
 + Level 10.3 Armour
 - Level 2.6 Shields


You had 11 spell levels left.
You didn't know any spells.
Your spell library contained the following spells:

 Spells                   Type           Power      Damage    Failure   Level
 Poisonous Vapours        Pois/Air       0%         N/A       85%         2
 Sublimation of Blood     Necr           0%         N/A       85%         2
 Call Canine Familiar     Summ           0%         N/A       97%         3
 Frozen Ramparts          Ice            0%         1d1       97%         3
 Inner Flame              Hex/Fire       0%         N/A       97%         3
 Portal Projectile        Hex/Tloc       0%         N/A       97%         3
 Anguish                  Hex/Necr       0%         N/A       100%        4
 Cause Fear               Hex            0%         N/A       100%        4
 Corpse Rot               Necr/Pois/Air  0%         N/A       100%        4
 Ice Form                 Ice/Tmut       0%         N/A       100%        4
 Iskenderun's Mystic Bla  Conj/Tloc      0%         2d3       100%        4
 Leda's Liquefaction      Hex/Erth       0%         N/A       100%        4
 Petrify                  Tmut/Erth      0%         N/A       100%        4
 Summon Ice Beast         Ice/Summ       0%         N/A       100%        4
 Fireball                 Conj/Fire      0%         3d3       100%        5
 Irradiate                Conj/Tmut      0%         3d11      100%        5
 Enfeeble                 Hex            0%         N/A       100%        7
 Discord                  Hex            0%         N/A       100%        8
 Chain Lightning          Conj/Air       0%         N/A       100%        9


Dungeon Overview and Level Annotations

Branches:
Dungeon (11/15)            Temple (1/1) D:7
   Lair: D:8-11         Orc: D:9-12

Altars:
Ashenzari
Cheibriados
Dithmenos
Fedhas
Gozag
Hepliaklqana
Kikubaaqudgha
Makhleb
Nemelex Xobeh
Okawaru
Qazlal
Ru
Sif Muna
Trog
Uskayaw
Vehumet
Wu Jian
Xom
Yredelemnul

Shops:
D:2 *   D:5 [

Annotations:
D:10 Erica
D:11 Harold


Innate Abilities, Weirdness & Mutations

Your life essence is reduced to manifest your ancestor. (-10% HP)
You have hoof-like feet.
You are partially covered in large bone plates. (SH +4)
You sometimes gain power by taking damage.
You regenerate magic rapidly.


Message History

In your confused state, you trip and fall back down the stairs.
Zosia hits Harold!
Harold hits you but does no damage.
Zosia hits Harold.
Erica hits you with a +1 scimitar of flaming!
Erica burns you.
Harold hits you from afar with a +1 trident of freezing!
You climb upwards.
There is a stone staircase leading down here.
You miss Erica. Your kick misses Erica. Erica closely misses you.
You're too confused to move!
Zosia closely misses Erica.
Erica points at you and mumbles some strange words.
The bolt of poison hits you!
You are poisoned.
You sock Erica!
Your weapon exudes an aura of protection.
You kick Erica, but do no damage.
Erica is lightly wounded.
You feel very sick.
Zosia hits Erica.
Erica hits you with a +1 scimitar of flaming!
* * * LOW HITPOINT WARNING * * *
Erica attacks as you move away! Erica closely misses you.
You feel very sick.
Zosia hits Erica but does no damage.
Erica casts a spell at you.
Zosia resists with significant effort.
You bump into the rock wall.
You feel sick.
Zosia barely misses Erica.
Erica gestures at you while chanting.
Zosia seems to slow down.
Unknown command.
You feel sick.
Zosia completely misses Erica.
You feel sick.
Erica points at you and mumbles some strange words.
You are more confused.
You feel sick.
Zosia hits Erica.
You bump into the rock wall.
You feel sick.
Zosia hits Erica but does no damage.
Erica casts a spell at you. The lance of force hits you!
You die...

#.# #.###...#.##.# #.#
#.##......##.# ###.####
#.###........# #......#
#.####.##.#### #.#.#..#
#.........# #..###.##
######.#### ###R## ##.##
##'## ## #..## ##.# ##...##
#. #.#.## ##.@# ##.....##
#. #.#..###..@# ##.......##
#.
#.#...#.>R.###.........###.
#.#..........+.........'...
#.##..#....###.........###.
#..........# ##.......## #.
####..####.# ##.....## ##
#.......# ##...## #
##.###### ##'## #


You could see the friendly Zosia the ancestor (slow) and Erica (invisible, ally
target).

Vanquished Creatures
  A hydra (D:7)
  A two-headed ogre (D:10)
  Pikel (D:7)
  A deep troll (D:10)
  3 cyclopes
  A komodo dragon (D:10)
  A yaktaur (D:10)
  3 kobold demonologists (D:10)
  4 trolls
  Grinder (D:4)
  Prince Ribbit (D:7)
  27 yaks
  2 wyverns
  Eustachio (D:5)
  3 steam dragons
  2 vampire mosquitoes (D:11)
  Edmund (D:5)
  An acid dragon (D:10)
  3 water moccasins
  2 black bears
  6 orc warriors
  3 sky beasts
  4 ice beasts
  3 ogres
  6 centaurs
  A kobold brigand (D:8)
  2 lemures (D:7)
  4 bullfrogs
  A necrophage (D:7)
  5 scorpions
  A gnoll sergeant (D:5)
  13 wights
  5 killer bees (D:10)
  A howler monkey (D:3)
  4 jellies
  4 orc priests
  9 hounds
  2 gnoll boudas
  Jessica (D:3)
  Natasha (thrice) (D:3)
  2 iguanas (D:7)
  10 orc wizards
  Robin (D:2)
  15 gnolls
  5 adders
  A shadow imp (D:6)
  2 white imps (D:6)
  3 ufetubi
  2 worms
  A dart slug (D:3)
  28 orcs
  3 endoplasms
  2 giant cockroaches
  17 goblins
  4 hobgoblins
  8 jackals
  17 kobolds
  2 quokkas
  9 ball pythons
  6 bats
  A frilled lizard (D:1)
  2 rats (D:3)
279 creatures vanquished.

Vanquished Creatures (collateral kills)
  A yak (D:8)
  A centaur (D:9)
  A kobold brigand (D:10)
  A killer bee (D:10)
  2 orcs (D:9)
6 creatures vanquished.

Vanquished Creatures (others)
  7 ancestors
  A white imp (D:6)
  11 fungi (D:11)
  11 plants
30 creatures vanquished.

Grand Total: 315 creatures vanquished

Notes
Turn   | Place    | Note
-------+----------+-------------------------------------------
     0 | D:1      | Artool the Demonspawn Fighter began the quest for the Orb.
     0 | D:1      | Reached XP level 1. HP: 18/18 MP: 1/1
   247 | D:1      | Gained mutation: You sometimes gain a little power by
                  | taking damage. [demonic ancestry]
   247 | D:1      | Reached XP level 2. HP: 21/24 MP: 2/2
   928 | D:2      | Gained mutation: You regenerate magic rapidly. [demonic
                  | ancestry]
   928 | D:2      | Reached XP level 3. HP: 22/29 MP: 3/3
  1119 | D:2      | Noticed Robin
  1248 | D:2      | Found Jitiozxe's Assorted Antiques.
  1432 | D:2      | Killed Robin
  1638 | D:2      | Gained mutation: You sometimes gain power by taking damage.
                  | [demonic ancestry]
  1638 | D:2      | Reached XP level 4. HP: 37/37 MP: 4/4
  2071 | D:2      | Found a faded altar of an unknown god.
  2213 | D:3      | Noticed Jessica
  2220 | D:3      | Killed Jessica
  2302 | D:3      | Reached skill level 4 in Fighting
  2307 | D:3      | Gained mutation: You are partially covered in large bone
                  | plates. (SH +4) [demonic ancestry]
  2307 | D:3      | Reached XP level 5. HP: 42/42 MP: 5/5
  2733 | D:3      | Reached XP level 6. HP: 49/49 MP: 6/6
  3173 | D:4      | Noticed Natasha
  3187 | D:3      | Killed Natasha
  3217 | D:3      | Noticed Natasha
  3261 | D:3      | Killed Natasha
  3698 | D:3      | Noticed Natasha
  3714 | D:3      | Killed Natasha
  3775 | D:4      | Noticed Grinder
  3799 | D:4      | Paralysed by Grinder for 2 turns
  3850 | D:4      | Killed Grinder
  3851 | D:4      | Reached skill level 5 in Fighting
  3851 | D:4      | Gained mutation: You have large cloven feet. [demonic
                  | ancestry]
  3851 | D:4      | Reached XP level 7. HP: 43/56 MP: 7/7
  4155 | D:4      | Found a snail-covered altar of Cheibriados.
  4174 | D:5      | Entered Level 5 of the Dungeon
  4177 | D:5      | Reached skill level 5 in Armour
  4326 | D:5      | Found Onaacw's Armour Shop.
  4467 | D:5      | Identified the +2 hat of the Lair of Beasts {rF+ Will-
                  | SInv}
  4511 | D:5      | Reached skill level 5 in Maces & Flails
  4528 | D:5      | Noticed Eustachio
  4529 | D:5      | Noticed Edmund
  4566 | D:5      | Killed Edmund
  4567 | D:5      | Reached skill level 6 in Fighting
  4567 | D:5      | Reached XP level 8. HP: 11/64 MP: 8/8
  4582 | D:5      | Killed Eustachio
  5856 | D:6      | Reached skill level 7 in Fighting
  6201 | D:6      | Reached XP level 9. HP: 64/72 MP: 9/9
  6297 | D:6      | Found an opulent altar of Gozag.
  6735 | D:6      | Found a radiant altar of Vehumet.
  7058 | D:7      | Reached skill level 8 in Fighting
  7058 | D:7      | Reached skill level 1 in Throwing
  7228 | D:7      | Noticed Prince Ribbit
  7231 | D:7      | Killed Prince Ribbit
  7863 | D:7      | Noticed a cyclops
  7890 | D:7      | Killed a cyclops
  7891 | D:7      | Gained mutation: You have hoof-like feet. [demonic
                  | ancestry]
  7891 | D:7      | Reached XP level 10. HP: 66/82 MP: 10/10
  8284 | D:7      | Noticed Pikel
  8300 | D:7      | Killed Pikel
  8324 | D:7      | Reached skill level 5 in Throwing
  8451 | D:7      | Reached skill level 9 in Fighting
  8601 | D:7      | Found a staircase to the Ecumenical Temple.
  8607 | Temple   | Entered the Ecumenical Temple
  8882 | D:7      | Found a shimmering altar of Xom.
  9007 | D:8      | Found a hazy altar of Hepliaklqana.
  9019 | D:8      | Became a worshipper of Hepliaklqana the Forgotten
  9113 | D:8      | Noticed an eight-headed hydra
  9131 | D:7      | Killed an eight-headed hydra
  9954 | D:8      | Found a stormy altar of Qazlal.
 10414 | D:8      | Reached XP level 11. HP: 63/89 MP: 11/11
 10641 | D:8      | Found a blossoming altar of Fedhas.
 10800 | D:8      | Found a sacrificial altar of Ru.
 10986 | D:9      | Reached * piety under Hepliaklqana
 10990 | D:9      | Got the Volume of the Impact
 12207 | D:8      | Reached skill level 10 in Fighting
 13072 | D:9      | Found a shimmering blue altar of Sif Muna.
 13085 | D:9      | Found an ornate altar of the Wu Jian Council.
 13087 | D:9      | Found a sparkling altar of Nemelex Xobeh.
 13226 | D:10     | Entered Level 10 of the Dungeon
 13673 | D:10     | Noticed a two-headed ogre
 13682 | D:10     | Killed a two-headed ogre
 14537 | D:10     | Noticed a deep troll
 14544 | D:10     | Killed a deep troll
 14545 | D:10     | Reached skill level 10 in Armour
 15010 | D:11     | Reached skill level 11 in Fighting
 15010 | D:11     | Reached XP level 12. HP: 67/90 MP: 12/12
 15127 | D:11     | Noticed Erica
 15127 | D:11     | Noticed Harold
 15158 | D:11     | Reached skill level 10 in Maces & Flails
 15563 | D:10     | Killed from afar by Erica

Illustrated notes

Levels and vault maps discovered:
D:1:      mainiacjoe_arrival_reflecting_pool, layout_loops_ring
D:2:      layout_basic, serial_shops, nicolae_shop_waterfront,
          hellmonk_ecumenical_altar_crossroads, uniq_robin
D:3:      layout_loops_ring, serial_glass, glass_columns_a, glass_columns_a,
          glass_columns_b, reono_crystal_passage, dk_vineyard_1, minivault_11,
          uniq_jessica
D:4:      layout_rooms, slow_altar_2, uniq_natasha, uniq_grinder
D:5:      layout_loops_cross, serial_shops, shop_coins, uniq_edmund,
          uniq_eustachio
D:6:      minmay_spotlight, layout_loops_ring, grunt_gozag_statues,
          mainiacjoe_overflow_24_doors
D:7:      cheibrodos_barr_body, layout_basic, marbit_many_paths,
          minmay_temple_entry_hall, uniq_prince_ribbit1, uniq_pikel
D:8:      layout_loops_corners, fedhas_altar_fruit_tree,
          lemuel_coloured_pillars_altar, mainiacjoe_overflow_brackets,
          nicolae_hepliaklqana_hazy_memory
D:9:      layout_small_grid, minitemple
D:10:     layout_loops_corners, minmay_three_doors
D:11:     layout_basic, grunt_lair_entry_orc_guard_hut, ebering_ghost_gozag,
          columned_hall_lemuel, uniq_erica, uniq_harold, uniq_maurice
Temple:   nicolae_temple_ecumenical_triangle

Skill      XL: |  1  2  3  4  5  6  7  8  9 10 11 12 |
---------------+-------------------------------------+-----
Maces & Flails | 2 3 4 5 6 7 8 9 10 | 10.1
Armour         | 3 4 5 6 7 8 10 | 10.3
Fighting       | 4 5 6 7 8 9 11 | 11.2
Throwing       | 4 6 7 |  7.0
Shields        | |  2.6

Action                   |  1- 3 |  4- 6 |  7- 9 | 10-12 || total
-------------------------+-------+-------+-------+-------++-------
Melee: Flail             |    98 |       |       |       ||    98
       Mace              |     7 |   137 |   337 |   550 ||  1031
       Kick              |       |       |    95 |   195 ||   290
Throw: Boomerang         |       |       |     7 |    41 ||    48
       Throwing net      |       |       |       |     2 ||     2
       Dart              |       |       |       |    13 ||    13
       Javelin           |       |       |       |     8 ||     8
Invok: Ancestor Identity |       |       |       |     1 ||     1
  Use: Potion            |       |       |     2 |     9 ||    11
 Stab: Distracted        |       |       |       |     1 ||     1
       Invisible         |       |       |       |     2 ||     2
Armor: Scale mail        |    54 |    77 |   168 |   179 ||   478
       Skin              |       |       |       |    30 ||    30
Dodge: Dodged            |    61 |    77 |   101 |   364 ||   603
Block: Buckler           |    28 |    79 |   152 |   251 ||   510
